 Dungeon Sprint DCSS version 0.31-a0-7-g51783674b7 (webtiles) character file.

Game seed: 13648170036787563019

26 sircluck the Trooper (level 3, -3/36 HPs)
             Began as a Hill Orc Fighter on May 5, 2023.
             Slain by a water elemental (7 damage)
             ... in the Dungeon (Sprint III: "The Ten Rune Challenge").
             The game lasted 00:01:08 (258 turns).

sircluck the Trooper (Hill Orc Fighter)              Turns: 258, Time: 00:01:09

Health: -3/36      AC:  7    Str: 20    XL:     3   Next: 8%
Magic:  3/3        EV:  9    Int:  8    God:
Gold:   36         SH:  4    Dex: 10    Spells: 2/2 levels left

rFire   . . .        a - +0 war axe
rCold   . . .        c - +0 buckler
rNeg    . . .        b - +0 scale mail
rPois   .            (helmet restricted)
rElec   .            (no cloak)
rCorr   .            (no gloves)
SInv    .            (no boots)
Will    .....        (no amulet) Stlth
                     (no ring)
HPRegen 0.26/turn    (no ring)
MPRegen 0.08/turn

%: no teleportation
@: mighty, engulfed (cannot breathe)
A: antennae 1, screaming 1, evolution 1, subdued magic 1
a: no special abilities


You were in the Dungeon.
You visited 1 branch You collected 36 gold pieces.

Inventory:

Hand Weapons
 a - a +0 war axe (weapon)
Armour
 b - a +0 scale mail (worn)
 c - a +0 buckler (worn)
Scrolls
 j - a scroll of blinking
 k - 2 scrolls of immolation {unknown}
 l - a scroll of amnesia {unknown}
 n - a scroll of poison {unknown}
 o - 2 scrolls of identify
Potions
 e - a potion of curing
 f - a potion of heal wounds
 g - a potion of haste
 h - 2 potions of magic
 i - a potion of berserk rage
 m - 4 potions of flight
 p - 3 potions of mutation


   Skills:
 + Level 5.4 Fighting
 + Level 4.3 Axes
 + Level 4.4 Armour
 + Level 0.1 Dodging
 + Level 4.5 Shields


You had 2 spell levels left.
You didn't know any spells.
Your spell library was empty.

Dungeon Overview and Level Annotations

Branches:
Dungeon (1/1)

Altars:


Innate Abilities, Weirdness & Mutations

You have a pair of small antennae on your head.
You occasionally shout uncontrollably at your foes.
You have hidden genetic potential.
Your spells are a little easier to cast, but a little less powerful.


Message History

a potion of mutation; 2 potions of mutation
n - a scroll labelled WUFETIK ECARA;
o - 2 scrolls of identify
m - 4 potions of flight (gained 2)
Things that are here:
2 potions of mutation; 2 potions of mutation
p - 2 potions of mutation;
p - 4 potions of mutation (gained 2)
p - 5 potions of mutation (gained 1);
p - 7 potions of mutation (gained 2)
You feel extremely strange.
You feel your surroundings grow quieter.
Your toenails lengthen and sharpen.
You feel extremely strange.
Your talons dull and shrink into feet.
You feel your surroundings grow louder.
Your thoughts seem clearer.
You feel the urge to shout.
You feel a hidden malignance growing inside you.
You feel extremely strange.
Your thinking seems confused.
You no longer feel a malignance within.
You feel frail.
Your vision sharpens.
You feel extremely strange.
You feel robust.
Your vision seems duller.
You feel a hidden potential growing inside you.
Your connection to magic feels subdued.
A pair of antennae grows on your head!
HP restored.
There is an open door here.
You open the door.
You yell at the water elemental!
A water elemental comes into view.
You feel very mighty all of a sudden. The water elemental closely misses you.
The water elemental barely misses you.
You hit the water elemental.
The water elemental is moderately damaged.
The water elemental hits you!
The water elemental engulfs you in water!
The water elemental hits you!
* * * LOW HITPOINT WARNING * * *
You hit the water elemental.
The water elemental is moderately damaged.
* * * LOW HITPOINT WARNING * * *
Your lungs strain for air!
The water elemental hits you!
You die...

▓▓▓▓▓▓▓▓ ▓▓▓ <..#...####
##.# ...#......#####..#
..##...†...#..#..#
##.##.##...#..#..###+#+#
##.##.###..##'#..#......
#.####.##..###..@E.⌠....
.###..##.†####...#...###
#.....##..###....# ⌠.#
###..##...##.....# .#
##..##....#......# #
#..###..##.#.....# #..#
#.. ####....# ▓▓▓▓ ▓▓▓
▓▓▓▓▓▓


You could see a water elemental.

Vanquished Creatures
  A human (D)
  A phantom (D)
  2 endoplasms (D)
  2 rats (D)
6 creatures vanquished.

Notes
Turn   | Place    | Note
-------+----------+-------------------------------------------
     0 | D        | sircluck the Hill Orc Fighter began the quest for the Orb.
     0 | D        | Reached XP level 1. HP: 19/19 MP: 1/1
    15 | D        | Reached skill level 4 in Fighting
    57 | D        | Reached XP level 2. HP: 23/28 MP: 2/2
    67 | D        | Reached skill level 5 in Fighting
    67 | D        | Reached XP level 3. HP: 9/36 MP: 3/3
   232 | D        | Gained mutation: You passively dampen the noise of your
                  | surroundings. [potion of mutation]
   232 | D        | Gained mutation: You have sharp toenails. [potion of
                  | mutation]
   233 | D        | Lost mutation: You have sharp toenails. [potion of
                  | mutation]
   233 | D        | Lost mutation: You passively dampen the noise of your
                  | surroundings. [potion of mutation]
   233 | D        | Gained mutation: You possess an exceptional clarity of
                  | mind. [potion of mutation]
   233 | D        | Gained mutation: You occasionally shout uncontrollably at
                  | your foes. [potion of mutation]
   233 | D        | Gained mutation: You have hidden genetic defects. [potion
                  | of mutation]
   234 | D        | Lost mutation: You possess an exceptional clarity of mind.
                  | [potion of mutation]
   234 | D        | Lost mutation: You have hidden genetic defects. [potion of
                  | mutation]
   234 | D        | Gained mutation: You are frail. (-10% HP) [potion of
                  | mutation]
   234 | D        | Gained mutation: You have supernaturally acute eyesight.
                  | (SInv) [potion of mutation]
   235 | D        | Lost mutation: You are frail. (-10% HP) [potion of
                  | mutation]
   235 | D        | Lost mutation: You have supernaturally acute eyesight.
                  | (SInv) [potion of mutation]
   235 | D        | Gained mutation: You have hidden genetic potential. [potion
                  | of mutation]
   235 | D        | Gained mutation: Your spells are a little easier to cast,
                  | but a little less powerful. [potion of mutation]
   235 | D        | Gained mutation: You have a pair of small antennae on your
                  | head. [potion of mutation]
   253 | D        | Noticed a water elemental
   258 | D        | Slain by a water elemental

Illustrated notes

Levels and vault maps discovered:
D:        dungeon_sprint_mu [sprint_mu_entry_cave, sprint_mu_temple_rooms,
          sprint_mu_d1_spiders, sprint_mu_d2_genie, sprint_mu_d3_branching,
          sprint_mu_orc_legion, sprint_mu_elf_gauntlet, sprint_mu_hive_nellie,
          sprint_mu_lair_fedhas, sprint_mu_vaults_butterflies,
          sprint_mu_slime_circle, sprint_mu_swamp_cave, sprint_mu_shoals_archi,
          sprint_mu_blade_basic, sprint_mu_crypt_fortress,
          sprint_mu_tomb_spiral, sprint_mu_vestibule_basic,
          sprint_mu_gehenna_hellfire, sprint_mu_dis_giant,
          sprint_mu_tartarus_statrot, sprint_mu_cocytus_islands, sprint_mu_zot1]

Skill      XL: |  1  2 |
---------------+-------+-----
Fighting       | 4 5 |  5.4
Axes           | 3 4 |  4.3
Armour         | 4 |  4.4
Shields        | 4 |  4.5
Dodging        | |  0.1

Action                     || total
---------------------------++-------
  Melee: War axe           ||    26
    Use: Potion            ||     6
 Armour: Scale mail        ||    11
  Dodge: Dodged            ||    15
  Block: Buckler           ||     4

Table legend: (Time is in decaauts)
 A = Elapsed time spent in this place.
 B = Non-inter-level travel time spent in this place.
 C = Inter-level travel time spent in this place.
 D = Time resting spent in this place.
 E = Time spent auto-exploring this place.
 F = Levels seen in this place.
 G = Mean time per level.
                   A        B        C        D        E       F      G
               +--------+--------+--------+--------+--------+-----+--------+
         Total |    267 |    267 |      0 |    148 |     47 |   1 |  267.0 |
       Dungeon |    267 |    267 |      0 |    148 |     47 |   1 |  267.0 |
               +--------+--------+--------+--------+--------+-----+--------+

Top non-repeatable levels by time:
       D: 267 daAuts
